 Dungeon Crawl Stone Soup version 0.18-a0-1045-g4e042de (webtiles) character file.

19644 namelastname112 the Covert (level 12, -3/110 HPs)
             Began as a Green Draconian Wizard on Jan 12, 2016.
             Was a Priest of Ru.
             Engulfed by a cloud of freezing vapour (32 damage)
             ... in an ice cave.
             The game lasted 00:59:15 (24655 turns).

namelastname112 the Covert (DrWz)                  Turns: 24655, Time: 00:59:15

Health: -3/110     AC: 13    Str: 10    XL:     12   Next: 38%
Magic:  25/25      EV: 14    Int: 20    God:    Ru [***...]
Gold:   951        SH:  4    Dex: 13    Spells: 0 memorised, 17 levels left

rFire  . . .     SeeInvis .     x - +3 dagger of Doubt {flame, +Inv rN+}
rCold  . . .     Gourm    .     (armour unavailable)
rNeg   + . .     Faith    .     (no shield)
rPois  +         Spirit   .     o - +0 hat
rElec  .         Dismiss  .     E - +2 cloak {MR+}
rCorr  .         Reflect  +     g - +0 pair of gloves
SustAt .         Harm     .     u - +0 pair of boots
MR     +....                    J - +4 amulet of reflection
Stlth  ++++......               (no ring)
                                k - ring of magical power

@: exhausted, very slightly contaminated, slowed, drained, invisible (expiring),
very slow, somewhat resistant to hostile enchantments, stealthy
A: breathe noxious fumes, unfitting armour, low mp 1, poison resistance,
cold-blooded, reduced EV 1, inexperienced 1, AC +8
a: Breathe Noxious Fumes, Draw Out Power, Renounce Religion, Turn Visible


You were in an ice cave.
You worshipped Ru.
Ru was most pleased with you.
You were not hungry.

You visited 3 branches of the dungeon, and saw 16 of its levels.
You also visited: Ice Cave and Volcano.

You collected 1021 gold pieces.
You spent 70 gold pieces at shops.

Inventory:

Hand Weapons
 a - a +4 dagger of venom
 b - a +0 blowgun
 x - the +3 dagger of Doubt (weapon) {flame, +Inv rN+}
   (You found it on level 4 of the Dungeon)

   It has been specially enchanted to burn those struck by it, causing extra
   injury to most foes and up to half again as much damage against particularly
   susceptible opponents.
   It protects you from negative energy.
   It lets you turn invisible.
Missiles
 p - 30 poisoned needles
 T - 5 curare-tipped needles
Armour
 g - a +0 pair of gloves (worn)
 o - a +0 hat (worn)
 u - a +0 pair of boots (worn)
 E - a +2 cloak of magic resistance (worn)
 I - a +0 buckler
Jewellery
 k - a ring of magical power (left hand)
 J - a +4 amulet of reflection (around neck)
 Q - an uncursed ring of fire
 X - an uncursed ring of flight
Wands
 y - a wand of disintegration (7/24)
 O - a wand of disintegration (0/24)
Scrolls
 d - a scroll of enchant armour
 i - 2 scrolls of remove curse
 m - 4 scrolls of teleportation
 v - a scroll of enchant weapon
 w - 3 scrolls of magic mapping
 F - 3 scrolls of identify
 K - 2 scrolls of amnesia
 U - 4 scrolls of recharging
Potions
 e - 3 potions of berserk rage {unknown}
 f - 2 potions of curing
 h - a potion of magic
 q - 2 potions of flight
 z - a potion of might
 A - 4 potions of haste
 B - a potion of invisibility
 C - 3 potions of mutation
 D - a potion of lignification {unknown}
 L - a potion of agility {unknown}
 P - a potion of resistance
 W - 3 potions of brilliance {unknown}
 Y - a potion of ambrosia {unknown}
Comestibles
 c - 5 bread rations
 t - 4 meat rations
 H - 14 fruits
 N - 2 slices of pizza


   Skills:
 + Level 11.2(10.8) Fighting
 - Level 10.0(9.6) Short Blades
 + Level 9.4(9.0) Dodging
 + Level 12.1(11.7) Stealth
 - Level 3.0(2.6) Spellcasting
   Level 1.0(0.6) Conjurations
   Level 1.0(0.6) Summonings
   Level 1.0(0.6) Translocations
 * Level 9.0(8.7) Evocations


You had 17 spell levels left.
You didn't know any spells.

Dungeon Overview and Level Annotations

Branches:
Dungeon (12/15)            Temple (1/1) D:7            Lair (3/8) D:11
  Swamp: Lair:3-6    Shoals: Lair:3-6     Snake: Lair:3-6    Spider: Lair:3-6
    Orc: D:9-12

Altars:
Ashenzari
Cheibriados
Dithmenos
Elyvilon
Fedhas
Gozag
Kikubaaqudgha
Makhleb
Nemelex Xobeh
Okawaru
Qazlal
Ru
Sif Muna
Vehumet
Xom
Yredelemnul
Zin
The Shining One

Shops:
D:6 %   D:9 !

Annotations:
D:3 exclusion: downstairs
Lair:3 Gastronok, Nergalle IceCv exclusion: ice statue


Innate Abilities, Weirdness & Mutations

You can breathe blasts of noxious fumes.
Your lurid green scales are hard (AC +8).
Your body does not fit into most forms of armour.
Your magical capacity is low (-10% MP).
Your system is resistant to poisons.
You are cold-blooded and may be slowed by cold attacks.
You have somewhat slow reflexes. (-3 EV)
You are somewhat inexperienced (-2 XL).


Message History

You tail-slap the ice statue, but do no damage.
The ice statue is lightly damaged.
You feel as though you will be slow longer.
You hit the ice statue but do no damage.
You tail-slap the ice statue, but do no damage.
The ice statue is lightly damaged.
You flicker for a moment.
The ice statue begins to attack, but is stunned by your will!
You hit the ice statue but do no damage.
The ice statue is lightly damaged.
The ice statue throws cold at you. The bolt of cold hits you!
* * * LOW HITPOINT WARNING * * *
You feel as though you will be slow longer.
* * * LOW HITPOINT WARNING * * *
Read which item? (? for menu, Esc to quit)
Okay, then.
You are restored by drawing out deep reserves of power within.
You feel drained.
You feel yourself slow down.
You die...

##### ### ###...## §§
## ##......# §#§
##...##..# ###§#
###...##...#
#§§§####...####§§##
##§8@##...####§§#####
##§§§##..###§.#.##.#
#§§###..##.÷.§#..#.
#§§####÷.##§.##.#.#
##§§#.....##.§##.#.
##.÷..#÷####..####
###.#### ##.## #....#
#÷.## ####.# ##...#


You could see an ice statue.

Vanquished Creatures
  Maud (D:11)
  3 hydras
  A centaur warrior (Volcano)
  Erica (Lair:1)
  The ghost of Duffy the Covert, a journeyman VSEn of Ashenzari (D:10)
  Urug (D:11)
  2 hill giants (D:11)
  2 orc knights (D:9)
  A statue (Volcano)
  An orc sorcerer (D:9)
  A manticore (D:11)
  5 elephants (Lair:2)
  Maurice (D:9)
  2 black mambas (Lair:2)
  2 centaur skeletons
  A gargoyle (D:11)
  A yaktaur (Volcano)
  3 spiny frogs
  2 komodo dragons
  A troll (D:9)
  3 polar bears (IceCv)
  A shadow (D:11)
  29 yaks
  3 fire bats (Lair:1)
  2 wraiths
  A hungry ghost (D:11)
  4 hippogriffs
  9 wolves (IceCv)
  14 wargs (D:9)
  7 water moccasins
  4 porcupines
  9 orc warriors
  A wasp (D:11)
  3 ice beasts
  2 sky beasts
  A necrophage (D:11)
  6 ogres
  4 phantoms
  2 eyes of draining (D:9)
  11 centaurs
  4 crocodiles
  4 big kobolds
  11 giant frogs
  A gnoll sergeant (D:8)
  14 scorpions
  A wyvern skeleton (D:10)
  10 killer bees
  7 wights
  6 crimson imps
  A lava snake (Volcano)
  2 centaur zombies
  A giant frog zombie (D:9)
  A quasit (D:8)
  3 jellies
  3 hounds
  6 orc priests
  2 giant frog skeletons
  10 iguanas
  9 orc wizards
  13 worker ants
  14 sheep
  2 hound skeletons (D:5)
  A worker ant zombie (D:6)
  11 gnolls
  15 adders
  17 river rats
  5 shadow imps
  An ooze (D:1)
  2 worms (D:2)
  4 giant geckos
  64 orcs
  9 giant cockroaches
  11 goblins
  14 hobgoblins
  19 jackals
  8 quokkas
  4 ball pythons
  13 bats
  2 giant gecko skeletons (D:8)
  6 giant newts
  2 jackal skeletons
  2 jackal zombies
  6 kobolds
  11 rats
  A spectral orc (D:7)
502 creatures vanquished.

Vanquished Creatures (others)
  3 polar bears (IceCv)
  2 yaks (IceCv)
  3 wolves
  An adder (D:2)
  A river rat (Lair:1)
  A rat (D:2)
  26 fungi
  19 plants
56 creatures vanquished.

Grand Total: 558 creatures vanquished

Notes
Turn   | Place    | Note
--------------------------------------------------------------
     0 | D:1      | namelastname112 the Draconian Wizard began the quest for the Orb.
     0 | D:1      | Reached XP level 1. HP: 14/14 MP: 4/4
   358 | D:1      | Reached XP level 2. HP: 19/22 MP: 6/6
   462 | D:1      | Reached skill level 1 in Fighting
   702 | D:1      | Reached skill level 1 in Short Blades
   851 | D:1      | Reached XP level 3. HP: 25/28 MP: 3/7
  1068 | D:2      | Found a stormy altar of Qazlal.
  1629 | D:2      | Reached XP level 4. HP: 3/35 MP: 0/8
  2378 | D:2      | Found a faded altar to an unknown god.
  3220 | D:3      | Reached XP level 5. HP: 23/42 MP: 9/9
  3835 | D:3      | Found a deep blue altar of Sif Muna.
  4193 | D:4      | Noticed an ogre
  4360 | D:4      | Got a polished dagger
  4364 | D:4      | Identified the cursed +3 dagger of Doubt {flame, +Inv rN+} (You found it on level 4 of the Dungeon)
  4403 | D:4      | Reached XP level 6. HP: 50/50 MP: 10/10
  4610 | D:4      | Found an ancient bone altar of Kikubaaqudgha.
  4670 | D:4      | Reached skill level 4 in Stealth
  4859 | D:4      | Reached XP level 7. HP: 46/57 MP: 11/11
  4859 | D:4      | Your scales start taking on a lurid green colour.
  4859 | D:4      | Gained mutation: Your system is resistant to poisons. [Green Draconian growth]
  5208 | D:5      | Entered Level 5 of the Dungeon
  5888 | D:5      | Reached XP level 8. HP: 62/67 MP: 12/12
  5907 | D:5      | Found a glowing silver altar of Zin.
  5911 | D:5      | Found a shimmering altar of Xom.
  5913 | D:5      | Found a white marble altar of Elyvilon.
  5914 | D:5      | Found a sparkling altar of Nemelex Xobeh.
  5918 | D:5      | Found an opulent altar of Gozag.
  6026 | D:6      | Reached skill level 5 in Fighting
  6248 | D:6      | Reached skill level 5 in Stealth
  6274 | D:6      | Found Rumeas's Food Boutique.
  6424 | D:6      | Reached skill level 5 in Short Blades
  6973 | D:7      | Reached skill level 5 in Dodging
  7204 | D:7      | Reached skill level 6 in Short Blades
  7272 | D:7      | Reached XP level 9. HP: 25/75 MP: 8/13
  8052 | D:7      | Found a staircase to the Ecumenical Temple.
  8222 | D:7      | Found a basalt altar of Yredelemnul.
  8541 | D:8      | Found a snail-covered altar of Cheibriados.
  8567 | D:8      | Reached skill level 7 in Stealth
  9575 | Temple   | Entered the Ecumenical Temple
  9777 | D:9      | Found Nenupp's Distillery.
  9808 | D:9      | HP: 2/78 [warg (15)]
  9843 | D:9      | Bought a potion of heal wounds for 70 gold pieces
  9858 | D:9      | Found a stormy altar of Qazlal.
 10213 | D:9      | Reached skill level 8 in Short Blades
 10390 | D:9      | Noticed Maurice
 10424 | D:9      | Noticed a troll
 10444 | D:9      | Killed a troll
 10444 | D:9      | Reached XP level 10. HP: 69/86 MP: 14/14
 10639 | D:9      | Killed Maurice
 10997 | D:9      | Noticed an orc sorcerer
 11037 | D:9      | Found a shadowy altar of Dithmenos.
 11155 | D:9      | Noticed an orc knight
 11221 | D:9      | Killed an orc knight
 11358 | D:9      | Reached skill level 9 in Short Blades
 11900 | D:9      | Noticed an orc knight
 11923 | D:9      | Killed an orc knight
 12028 | D:9      | Killed an orc sorcerer
 12261 | D:9      | Reached XP level 11. HP: 74/94 MP: 15/15
 13170 | D:9      | Found a sacrificial altar of Ru.
 13233 | D:9      | Became a worshipper of Ru the Awakened
 13379 | D:10     | Entered Level 10 of the Dungeon
 13482 | D:10     | Reached skill level 10 in Short Blades
 14415 | D:10     | Noticed Duffy's ghost (journeyman VSEn)
 14662 | D:10     | Gained mutation: You have somewhat slow reflexes. (-3 EV) [Ru sacrifice]
 14662 | D:10     | Reached * piety under Ru
 14736 | D:10     | Killed Duffy's ghost
 14736 | D:10     | Reached skill level 10 in Stealth
 16159 | D:11     | Noticed a hill giant
 16162 | D:11     | Noticed Urug
 16184 | D:11     | Killed a hill giant
 16184 | D:11     | Reached skill level 1 in Evocations
 16225 | D:11     | Killed Urug
 16263 | D:11     | Noticed a four-headed hydra
 16956 | D:11     | Noticed Maud
 16984 | D:11     | Killed Maud
 17008 | D:11     | Reached skill level 11 in Stealth
 17043 | D:11     | Killed a four-headed hydra
 17043 | D:11     | Reached XP level 12. HP: 32/106 MP: 16/16
 17401 | D:11     | Found a staircase to the Lair.
 17638 | D:11     | Noticed a three-headed hydra
 17719 | D:11     | Reached skill level 5 in Evocations
 17835 | D:11     | Gained mutation: You are somewhat inexperienced (-2 XL). [Ru sacrifice]
 17835 | D:11     | Reached XP level 11. HP: 25/99 MP: 24/24
 17835 | D:11     | Reached XP level 10. HP: 25/93 MP: 23/23
 17835 | D:11     | Reached ** piety under Ru
 17892 | D:11     | Killed a manticore
 18053 | D:11     | Noticed a hill giant
 18071 | D:11     | Killed a hill giant
 18182 | D:11     | Noticed a cyclops
 18507 | D:11     | Killed a three-headed hydra
 18507 | D:11     | Reached skill level 10 in Fighting
 19084 | Lair:1   | Entered Level 1 of the Lair of Beasts
 19098 | Lair:1   | Noticed Erica
 19129 | Lair:1   | Killed Erica
 19192 | Lair:1   | Found a dark tunnel.
 19194 | Lair:1   | Reached XP level 11. HP: 89/100 MP: 15/15
 19205 | Volcano  | Entered a volcano
 19268 | Volcano  | Noticed a centaur warrior
 19269 | Volcano  | Found a radiant altar of Vehumet.
 19282 | Volcano  | Killed a centaur warrior
 19404 | Volcano  | Noticed a firespitter statue
 19427 | Volcano  | Killed a firespitter statue
 20663 | Lair:1   | Gained mutation: Your magical capacity is low (-10% MP). [Ru sacrifice]
 20663 | Lair:1   | Reached *** piety under Ru
 21264 | Lair:1   | Noticed a seven-headed hydra
 21278 | Lair:1   | Killed a seven-headed hydra
 21890 | Lair:2   | Reached XP level 12. HP: 56/108 MP: 16/16
 22712 | Lair:2   | Reached skill level 12 in Stealth
 23256 | Lair:3   | Noticed Gastronok
 23384 | Lair:3   | Noticed Nergalle
 23388 | Lair:3   | Found a frozen archway.
 23530 | IceCv    | Entered an ice cave
 24655 | IceCv    | Engulfed by a cloud of freezing vapour

Vault maps used:
D:1:      minmay_arrival_split_and_join
D:2:      wad_river_or_something, serial_glass, glass_columns_c,
          glass_columns_c, ecumenical_altar_1, nicolae_qazlal_eye_of_the_storm
D:3:      tgw_sif
D:4:      old_forge, kiku_gazebo_pond_becter, first_bread
D:5:      minitemple
D:6:      serial_shops, shop
D:7:      yredelemnul_forgotten_temple_becter, minmay_temple_entry_from_below_a
D:8:      cheibriados_altar_1, nicolae_overflow_hidden_temple
D:9:      lemuel_castle_with_subvaults, grunt_dithmenos_shadows,
          nicolae_overflow_crystal_walls, kennysheep_mini_moat, serial_shops,
          shop_fountains, uniq_maurice
D:10:     kennysheep_generic_room_2
D:11:     david_lair_shrubbed, hangedman_ranch, minmay_gold_behind_fungi,
          uniq_maud, uniq_urug
D:12:     orc_david_3
Temple:   temple_island_7
Lair:1:   nicolae_volcano_entry_batcave, uniq_erica
Lair:2:   serial_bayou_shore_b
Lair:3:   portal_ice_cave_entry_pillars_02, grunt_forest_large_clearings,
          grunt_megastairs_2, serial_bayou_shore_b, infiniplex_staircase_pool_2,
          uniq_gastronok, uniq_nergalle
IceCv:    ice_cave_caverns_02
Volcano:  volcano_grotto

Action                   |  1- 3 |  4- 6 |  7- 9 | 10-12 || total
-------------------------+-------+-------+-------+-------++-------
Melee: Dagger            |   113 |   185 |   676 |  1675 ||  2649
       Unarmed           |     1 |       |       |       ||     1
       Great mace        |       |       |       |     1 ||     1
 Fire: Blowgun           |       |       |       |     8 ||     8
 Cast: Magic Dart        |    63 |    43 |       |       ||   106
Invok: Sacrifice Experie |       |       |       |     1 ||     1
       Sacrifice Essence |       |       |       |     1 ||     1
       Sacrifice Health  |       |       |       |     1 ||     1
       Draw Out Power    |       |       |       |     1 ||     1
 Abil: Breathe Noxious F |       |       |     7 |    40 ||    47
       Evoke Invisibilit |       |       |       |    10 ||    10
Evoke: Wand              |       |       |       |    12 ||    12
  Use: Scroll            |       |     4 |    21 |     7 ||    32
       Potion            |       |     1 |     3 |     1 ||     5
 Stab: Sleeping          |     3 |     3 |    12 |    29 ||    47
       Confused          |       |       |     2 |    32 ||    34
       Invisible         |       |       |       |    15 ||    15
       Distracted        |       |       |       |     8 ||     8
       Paralysed         |       |       |       |     1 ||     1
  Eat: Chunk             |     2 |    10 |    16 |    39 ||    67
       Royal jelly       |       |       |     1 |       ||     1
       Beef jerky        |       |       |     1 |       ||     1
       Meat ration       |       |       |       |     3 ||     3
       Pizza             |       |       |       |     4 ||     4
       Fruit             |       |       |       |     2 ||     2
